 Dungeon Crawl Stone Soup version 0.31-a0-1163-gcee99d1eea (webtiles) character file.

Game seed: 1362319315135957243

291 James the Ruffian (level 6, -4/39 HPs)
             Began as an Octopode Shapeshifter on Dec 9, 2023.
             Killed from afar by an orc wizard (8 damage)
             ... with a puff of flame
             ... on level 4 of the Dungeon.
             The game lasted 00:07:02 (2809 turns).

James the Ruffian (Octopode Shapeshifter)           Turns: 2809, Time: 00:07:03

Health: -4/39      AC:  1    Str: 15    XL:     6   Next: 32%
Magic:  6/6        EV: 12    Int: 13    God:
Gold:   147        SH:  4    Dex: 11    Spells: 5/5 levels left

rFire   . .          .
                       - Unarmed
rCold   . . .        k - +1 buckler
rNeg    . . .        (helmet currently unavailable)
rPois   .            (no amulet)
rElec   .            (no ring)
rCorr   .            (no ring)
SInv    .            (no ring)
Will    .....        (no ring)
Stlth   ++           (no ring)
HPRegen 0.26/turn    (no ring)
MPRegen 0.10/turn    (no ring)
                     (no ring)

%: no passive effects
@: beast-form
A: beast (slay +2), almost no armour, amphibious, 8 rings, camouflage 1,
gelatinous body 1, (nimble swimmer 1), tentacles
a: Begin Untransformation


You were on level 4 of the Dungeon.
You were a hulking beast.
You visited 1 branch of the dungeon, and saw 4 of its levels.

You collected 147 gold pieces.

Inventory:

Missiles
 e - 27 stones
 h - 6 boomerangs
Armour
 k - a +1 buckler (worn)
   (You took it off a hobgoblin on level 3 of the Dungeon)
Talismans
 b - a beast talisman
 c - a flux talisman
Wands
 d - a wand of iceblast (3)
   (You found it on level 4 of the Dungeon)
 t - a wand of flame (24)
   (You found it on level 3 of the Dungeon)
Scrolls
 g - 6 scrolls of identify {@r1}
Potions
 a - a potion of lignification {!q}
 f - 2 potions of curing {@q1}
 j - a potion of might {unknown}
 l - 2 potions of brilliance {unknown}
 o - a potion of cancellation {unknown}


   Skills:
 - Level 2.0 Fighting
 - Level 2.0 Dodging
 - Level 6.0 Unarmed Combat
 + Level 3.9 Shapeshifting


You had 5 spell levels left.
You didn't know any spells.
Your spell library contained the following spells:

 Spells                   Type           Power      Damage    Failure   Level
 Sandblast                Erth           0%         2d4       38%         1
 Passwall                 Tmut/Erth      0%         N/A       54%         2
 Dazzling Flash           Conj/Hex       0%         N/A       77%         3
 Stone Arrow              Conj/Erth      0%         3d7       77%         3
 Brom's Barrelling Bould  Conj/Erth      0%         2d3       99%         4
 Agony                    Necr           0%         N/A       100%        5
 Silence                  Hex/Air        0%         N/A       100%        5
 Malign Gateway           Summ/Tloc      0%         N/A       100%        7
 Summon Horrible Things   Summ           0%         N/A       100%        8


Dungeon Overview and Level Annotations

Branches:
Dungeon (4/15)             Temple (0/1) D:4

Altars:
Ashenzari
Hepliaklqana
Nemelex Xobeh
Qazlal
Zin

Annotations:
D:3 1 exclusion


Innate Abilities, Weirdness & Mutations

You are a hulking beast.
Your limbs bulge with bestial killing power. (Slay +2)
You cannot wear most types of armour.
You are amphibious.
You can wear up to eight rings at the same time.
Your skin changes colour to match your surroundings (Stealth+).
Your rubbery body absorbs attacks. (AC +1, EV +1)
((You are camouflaged when in or above water. (Stealth+)))
You have tentacles for arms and can constrict up to eight enemies at once.


Message History

The orc shouts!
You barely miss the orc wizard. You grab the orc wizard.
You squeeze the orc wizard! You constrict the orc wizard.
A giant cockroach comes into view.
The orc wizard hits you with a +0 dagger.
You tentacle-slap the orc wizard. You squeeze the orc wizard.
You kill the orc wizard!
You hear a splash. x2
You closely miss the orc wizard. Your grab misses the orc wizard.
Your squeeze misses the orc wizard. You block the orc's attack.
The orc wizard hits you with a +0 dagger.
You barely miss the orc wizard. You grab the orc wizard.
You constrict the orc wizard. The orc wizard barely misses you.
The orc hits you with a +0 mace.
The orc wizard hits you with a +0 dagger.
You tentacle-slap the orc wizard. You squeeze the orc wizard.
You constrict the orc wizard.
The orc wizard hits you with a +2 dagger of draining.
You feel drained. The orc hits you with a +0 mace!
The orc wizard barely misses you.
You release your grip on the orc wizard.
The giant cockroach attacks as it pursues you!
You block the giant cockroach's attack. The orc wizard casts a spell at you.
The magic dart hits you.
* * * LOW HITPOINT WARNING * * *
The orc attacks as it pursues you! The orc hits you with a +0 mace.
* * * LOW HITPOINT WARNING * * *
The giant cockroach attacks as it pursues you!
The giant cockroach barely misses you. You block the giant cockroach's attack.
You see here a dart slug corpse.
You tentacle-slap the giant cockroach. You grab the giant cockroach.
You squeeze the giant cockroach.
You kill the giant cockroach!
You bludgeon the adder! You grab the adder. You squeeze the adder.
You kill the adder!
Your life force feels restored.
You bludgeon the giant cockroach!
You kill the giant cockroach!
You tentacle-slap the orc. You grab the orc. You constrict the orc.
The orc misses you.
You tentacle-slap the orc.
You kill the orc!
The orc wizard points at you and mumbles some strange words.
The magic dart hits you!
* * * LOW HITPOINT WARNING * * *
The orc wizard points at you and mumbles some strange words.
The puff of flame hits you!
You die...

### ########## ##### ...#
##### #........# #...#
..... ...# #........# #...#
. ...♣♣♣.###........# #....
~~~ ~~~♣.oh.........# ##.##
.....♣~♣o##.........## #.#
......~..###....†....###.#
......)oo# #...........#.#
..>...B...##......>.##...##
......~.............##.....
......~..............##.###
.....♣~♣.#####...###....#
~~~~~~~♣.# ###.. ##...


You could see 2 orc wizards.

Vanquished Creatures
  A scorpion (D:3)
  A howler monkey (D:4)
  An orc wizard (D:4)
  3 gnolls (D:2)
  5 adders
  A dart slug (D:4)
  An orc (D:4)
  9 endoplasms
  6 giant cockroaches
  15 goblins
  5 hobgoblins
  7 quokkas
  9 ball pythons
  5 bats
  5 frilled lizards
  9 kobolds
  4 rats
87 creatures vanquished.

Notes
Turn   | Place    | Note
-------+----------+-------------------------------------------
     0 | D:1      | James the Octopode Shapeshifter began the quest for the
                  | Orb.
     0 | D:1      | Reached XP level 1. HP: 13/13 MP: 1/1
   122 | D:1      | Reached XP level 2. HP: 18/18 MP: 2/2
   354 | D:1      | Reached skill level 4 in Unarmed Combat
   385 | D:1      | Reached XP level 3. HP: 23/23 MP: 3/3
   764 | D:3      | Found a broken altar of Ashenzari.
   832 | D:3      | Found a stormy altar of Qazlal.
   889 | D:3      | Found a sparkling altar of Nemelex Xobeh.
   936 | D:3      | Noticed a scorpion
  1003 | D:3      | Killed a scorpion
  1004 | D:3      | Reached skill level 5 in Unarmed Combat
  1004 | D:3      | Reached XP level 4. HP: 15/28 MP: 4/4
  1205 | D:3      | Found a hazy altar of Hepliaklqana.
  1247 | D:3      | Found a glowing silver altar of Zin.
  1389 | D:3      | Reached XP level 5. HP: 33/33 MP: 5/5
  1588 | D:3      | Noticed an ogre
  1928 | D:2      | Reached skill level 6 in Unarmed Combat
  2680 | D:4      | Reached XP level 6. HP: 37/39 MP: 6/6
  2791 | D:4      | Found a staircase to the Ecumenical Temple.
  2809 | D:4      | Killed from afar by an orc wizard

Illustrated notes

Levels and vault maps discovered:
D:1:      psy_arrival_whirlpool, layout_rooms,
          amcnicky_mini_rare_corridor_liquid, minmay_unequal
D:2:      layout_basic, serial_bayou_lake_a
D:3:      layout_basic, overflow_temple_1_default,
          lemuel_coloured_pillars_altar, mainiacjoe_overflow_tiny_flanked,
          old_standard_altar, nicolae_hepliaklqana_hazy_memory,
          serial_co_window_serial, co_window_corner_a, co_window_corner_a,
          co_window_paths_b, co_window_paths_a, co_window_paths_a,
          co_window_corner_a, co_window_corner_a, co_window_corner_a,
          co_window_corner_a, co_window_2corner, co_window_broadway_c,
          co_window_broadway_b, glass_columns_a, minmay_ogre_servants
D:4:      layout_rooms, lemuel_doored_altar, minmay_temple_entry_water_ring,
          cheibrodos_sewer_entry_bend

Skill      XL: |  1  2  3  4  5 |
---------------+----------------+-----
Unarmed Combat | 4 5 6 |  6.0
Fighting       | 2 |  2.0
Dodging        | |  2.0
Shapeshifting  | |  3.9

Action                     |  1- 3 |  4- 6 || total
---------------------------+-------+-------++-------
  Melee: Unarmed           |    69 |    76 ||   145
         Constrict         |    14 |    19 ||    33
         Tentacles         |    13 |    16 ||    29
         Punch             |     4 |     3 ||     7
  Evoke: Wand              |     2 |       ||     2
    Use: Scroll            |       |     7 ||     7
   Stab: Sleeping          |     8 |     2 ||    10
         Distracted        |       |     2 ||     2
 Armour: Skin              |    21 |    25 ||    46
  Dodge: Dodged            |    38 |    35 ||    73
  Block: Buckler           |       |    10 ||    10

Table legend: (Time is in decaauts)
 A = Elapsed time spent in this place.
 B = Non-inter-level travel time spent in this place.
 C = Inter-level travel time spent in this place.
 D = Time resting spent in this place.
 E = Time spent auto-exploring this place.
 F = Levels seen in this place.
 G = Mean time per level.
                   A        B        C        D        E       F      G
               +--------+--------+--------+--------+--------+-----+--------+
         Total |   2799 |   2717 |     82 |    131 |   1795 |   4 |  699.8 |
       Dungeon |   2799 |   2717 |     82 |    131 |   1795 |   4 |  699.8 |
               +--------+--------+--------+--------+--------+-----+--------+

Top non-repeatable levels by time:
     D:3: 1129 daAuts
     D:2: 998 daAuts
     D:1: 537 daAuts
     D:4: 133 daAuts
